 Dungeon Crawl Stone Soup version 0.27-a0-661-gca034ae587 (webtiles) character file.

Game seed: 101261302749803996

8 JoanKharjo the Vexing (level 2, -7/21 HPs)
             Began as a Human Arcane Marksman on Mar 17, 2021.
             Mangled by a kobold
             ... wielding a +2 dagger of electrocution
              (18 damage)
             ... on level 1 of the Dungeon.
             The game lasted 00:01:48 (202 turns).

JoanKharjo the Vexing (Human Arcane Marksman)        Turns: 202, Time: 00:01:48

Health: -7/21      AC:  2    Str: 10    XL:     2   Next: 15%
Magic:  1/3        EV: 12    Int: 13    God:
Gold:   0          SH:  0    Dex: 13    Spells: 0/3 levels left

rFire    . . .     SeeInvis .   a - +0 shortbow
rCold    . . .     Faith    .   (shield currently unavailable)
rNeg     . . .     Spirit   .   e - +0 robe
rPois    .         Reflect  .   (no helmet)
rElec    .         Harm     .   (no cloak)
rCorr    .         Rampage  .   (no gloves)
Will     .....                  (no boots)
Stlth    +.........             (no amulet)
HPRegen  0.07/turn              (no ring)
MPRegen  0.08/turn              (no ring)

@: no status effects
A: no striking features
a: no special abilities


You were on level 1 of the Dungeon.
You visited 1 branch of the dungeon, and saw 1 of its levels.

Inventory:

Hand Weapons
 a - a +0 shortbow (weapon)
Missiles
 Q - 25 arrows (quivered ammo)
Armour
 e - a +0 robe (worn)
Potions
 b - a potion of haste {unknown}


   Skills:
 - Level 1.0 Fighting
 * Level 2.5 Bows
 - Level 2.0 Dodging
 - Level 1.0 Spellcasting
 + Level 3.2 Hexes


You couldn't memorise any spells.
You knew the following spells:

 Your Spells              Type           Power      Damage    Failure   Level
s - Slow                  Hex            8%         N/A       12%         2
v - Corona                Hex            8%         N/A       8%          1

Your spell library contained the following spells:

 Spells                   Type           Power      Damage    Failure   Level
 Inner Flame              Hex/Fire       4%         N/A       41%         3
 Portal Projectile        Hex/Tloc       8%         N/A       41%         3
 Cause Fear               Hex            4%         N/A       58%         4
 Leda's Liquefaction      Hex/Erth       2%         N/A       82%         4


Dungeon Overview and Level Annotations

Branches:
Dungeon (1/15)

Altars:


Message History

You barely miss the bat. The bat hits you. x2
You take 2 damage, and have 19/21 hp.
You miss the bat. The bat barely misses you. The bat closely misses you.
A bat is nearby!
You closely miss the bat. The bat hits you but does no damage.
The bat hits you.
You take 1 damage, and have 18/21 hp.
You hit the bat. The bat misses you.
You hit the bat.
You kill the bat!
You see here a bat corpse.
Q - 28 arrows (gained 3)
Q - 29 arrows (gained 1)
A kobold comes into view.
It is wielding a +2 dagger of electrocution.
You see here an arrow.
Health restored: 21 Unknown command.
a - a +0 shortbow (weapon)
The kobold shouts!
You see here an arrow.
Aim: a kobold, wielding a +2 dagger of electrocution and quivering stones (chance to affect: 61%)
The kobold struggles to resist.
You now have 2/3 mp.
Aim: a kobold, wielding a +2 dagger of electrocution and quivering stones (chance to affect: 61%)
The kobold is outlined in light.
The kobold throws a stone.
The stone closely misses you.
You now have 1/3 mp.
You shoot an arrow. The arrow closely misses the kobold.
You shoot an arrow.
The arrow hits the kobold but does no damage.
You shoot an arrow. The arrow completely misses the kobold.
The kobold hits you with a +2 dagger of electrocution.
You take 4 damage, and have 17/21 hp.
You shoot an arrow. The arrow completely misses the kobold.
The kobold barely misses you.
The kobold hits you with a +2 dagger of electrocution.
You are electrocuted!!
Ouch! That really hurt!
You die...

#... .... #..#
###########..#
#............#
#.#...#####..#
#####.#..........#####.#
..........#####.@K(.(..#
#####.##.## #(..#.####
..........# #.#.#
#.#####.#.## #.#.# #.#
#.#..####.#.# #.###
###...†...#.#
....#>.....####?#.#
#.###.###.## #.#.# #.#
#.# #$#


You could see a kobold (corona).

Levels and vault maps discovered:
D:1:      evilmike_arrival_hilbert_curve, layout_loops_ring

Notes
Turn   | Place    | Note
-------+----------+-------------------------------------------
     0 | D:1      | JoanKharjo the Human Arcane Marksman began the quest for
                  | the Orb.
     0 | D:1      | Reached XP level 1. HP: 15/15 MP: 2/2
    63 | D:1      | Identified a +0 shortbow
    81 | D:1      | Reached XP level 2. HP: 16/21 MP: 1/3
    88 | D:1      | Learned a level 2 spell: Slow
   192 | D:1      | Identified a +2 dagger of electrocution
   202 | D:1      | Mangled by a kobold

Table legend: (Time is in decaauts)
 A = Elapsed time spent in this place.
 B = Non-inter-level travel time spent in this place.
 C = Inter-level travel time spent in this place.
 D = Time resting spent in this place.
 E = Time spent auto-exploring this place.
 F = Levels seen in this place.
 G = Mean time per level.
                   A        B        C        D        E       F      G
               +--------+--------+--------+--------+--------+-----+--------+
         Total |    201 |    201 |      0 |     16 |    137 |   1 |  201.0 |
       Dungeon |    201 |    201 |      0 |     16 |    137 |   1 |  201.0 |
               +--------+--------+--------+--------+--------+-----+--------+

Top non-repeatable levels by time:
     D:1: 201 daAuts

Table legend:
 A = Kills in this place as a percentage of kills in entire the game.
 B = Kills by you in this place as a percentage of kills by you in the entire game.
 C = Kills by friends in this place as a percentage of kills by friends in the entire game.
 D = Other kills in this place as a percentage of other kills in the entire game.
 E = Experience gained in this place as a percentage of experience gained in the entire game.
 F = Experience gained in this place divided by the number of levels of this place that you have seen.
                   A       B       C       D       E      F
               +-------+-------+-------+-------+-------+----------------------
         Total | 100.0 | 100.0 |   N/A |   N/A | 100.0 |  12.0
       Dungeon | 100.0 | 100.0 |   N/A |   N/A | 100.0 |  12.0
               +-------+-------+-------+-------+-------+----------------------

Action                   || total
-------------------------++-------
Melee: Unarmed           ||    12
 Fire: Shortbow          ||     9
 Cast: Corona            ||     5
Armor: Robe              ||     4
Dodge: Dodged            ||    12

Vanquished Creatures
  An ooze (D:1)
  A bat (D:1)
  A kobold (D:1)
  A rat (D:1)
4 creatures vanquished.
